 Dungeon Crawl Stone Soup version 0.27.1-3-gb3d3a73c9e (webtiles) character file.

Game seed: 10490698534959299759

72 Descartes the Covert (level 4, -6/23 HPs)
             Began as a Spriggan Delver on Oct 18, 2021.
             Splashed by a jelly's acid (9 damage)
             ... on level 4 of the Dungeon.
             The game lasted 00:01:20 (242 turns).

Descartes the Covert (Spriggan Delver)               Turns: 242, Time: 00:01:21

Health: -6/23      AC:  2    Str:  9    XL:     4   Next: 7%
Magic:  5/5        EV: 18    Int: 11    God:
Gold:   38         SH:  0    Dex: 16    Spells: 3/3 levels left

rFire    . . .     SeeInvis +   m - +0 rapier
rCold    . . .     Faith    .   (shield restricted)
rNeg     . . .     Spirit   .   b - +0 robe
rPois    .         Reflect  .   (helmet restricted)
rElec    .         Harm     .   (no cloak)
rCorr    .         Rampage  .   (gloves unavailable)
Will     .....                  (boots unavailable)
Stlth    ++++......             (no amulet)
HPRegen  0.07/turn              (no ring)
MPRegen  0.09/turn              (no ring)

@: very quick
A: very small, no large weapons, unfitting armour, see invisible, speed 3
a: no special abilities


You were on level 4 of the Dungeon.
You visited 1 branch of the dungeon, and saw 2 of its levels.

You collected 38 gold pieces.

Inventory:

Hand Weapons
 a - a +0 short sword
 m - a +0 rapier (weapon)
Missiles
 n - 12 poisoned darts (quivered)
 o - 10 stones
Armour
 b - a +0 robe (worn)
Wands
 g - a wand of digging (3)
Scrolls
 c - a scroll of fog
 d - a scroll of magic mapping
 e - a scroll of fear
 i - a scroll of acquirement {unknown}
 k - 2 scrolls of identify {unknown}
Potions
 f - a potion of haste
 h - a potion of flight {unknown}
 j - a potion of cancellation {unknown}
 l - a potion of experience {unknown}
 p - a potion of mutation {unknown}


   Skills:
 - Level 2.4 Fighting
 + Level 3.0 Short Blades
 + Level 3.7 Dodging
 * Level 8.5 Stealth


You had 3 spell levels left.
You didn't know any spells.
Your spell library contained the following spells:

 Spells                   Type           Power      Damage    Failure   Level
 Ignite Poison            Fire/Tmut/Pois 0%         N/A       71%         3
 Mephitic Cloud           Conj/Pois/Air  0%         N/A       71%         3
 Bolt of Magma            Conj/Fire/Erth 0%         4d4       100%        5


Dungeon Overview and Level Annotations

Branches:
Dungeon (5/15)
 Temple: D:4-7

Altars:
Ashenzari


Innate Abilities, Weirdness & Mutations

You are very small and have problems with some larger weapons.
You are too small for most types of armour.
You have supernaturally acute eyesight. (SInv)
You cover ground extremely quickly. (Speed+++)


Message History

You climb upwards.
The jelly quivers.
Found a mace.
There is a stone staircase leading down here.
You are too injured to fight recklessly!
Found a Trismegistus Codex, 7 gold pieces and 20 arrows.
The helpless scorpion fails to defend itself.
You puncture the scorpion!
You kill the scorpion!
Your Short Blades skill increases to level 3!
Your Stealth skill increases to level 8!
You have reached level 3!
Your experience leads to an increase in your attributes!
Increase (S)trength, (I)ntelligence, or (D)exterity?
You feel stronger.
You have reached level 4!
You see here a scorpion corpse.
You see here a Trismegistus Codex.
You pick up a Trismegistus Codex and begin reading...
You add the spells Ignite Poison, Mephitic Cloud and Bolt of Magma to your library.
Found a fuming yellow potion.
You see here 7 gold pieces.
You now have 38 gold pieces (gained 7).
An adder skeleton comes into view.
The helpless adder skeleton fails to defend itself.
You impale the adder skeleton!!
You destroy the adder skeleton!
The water moccasin skeleton bites you.
* * * LOW HITPOINT WARNING * * *
Found a broken altar of Ashenzari.
You see here a fuming yellow potion.
p - a fuming yellow potion The water moccasin skeleton bites you but does no damage.
The water moccasin skeleton closely misses you.
The water moccasin skeleton bites you.
* * * LOW HITPOINT WARNING * * *
The jelly hits you.
* * * LOW HITPOINT WARNING * * *
You are splashed with acid!
You die...

+...# #._.# ...#
#### #..## #...##
##. #....##
##....#.Z...##
#.....#@J....## #
.....#.......# #.
#...##..#####
#.###...##.##
#..........####
#....(........#
#..........##.###
#..#.....### ...
#..#.....####.#####


You could see a jelly and a water moccasin skeleton.

Vanquished Creatures
  A scorpion (D:4)
  A hound skeleton (D:5)
  An adder skeleton (D:4)
3 creatures vanquished.

Notes
Turn   | Place    | Note
-------+----------+-------------------------------------------
     0 | D:5      | Descartes the Spriggan Delver began the quest for the Orb.
     0 | D:5      | Reached XP level 1. HP: 11/11 MP: 2/2
    95 | D:5      | Reached XP level 2. HP: 16/16 MP: 3/3
   123 | D:5      | Noticed a black bear
   207 | D:4      | Noticed a scorpion
   209 | D:4      | Killed a scorpion
   210 | D:4      | Reached skill level 8 in Stealth
   210 | D:4      | Reached XP level 3. HP: 9/19 MP: 4/4
   210 | D:4      | Reached XP level 4. HP: 11/23 MP: 5/5
   235 | D:4      | Found a broken altar of Ashenzari.
   242 | D:4      | Splashed by a jelly's acid

Illustrated notes

Levels and vault maps discovered:
D:4:      layout_loops_ring, nicolae_ashenzari_panopticon
D:5:      layout_basic, kennysheep_mini, serial_glass, glass_columns_b,
          glass_columns_a, glass_columns_a, glass_columns_b, glass_columns_b,
          glass_columns_a, glass_columns_a, glass_columns_a, feat_on_display,
          feat_on_display, uniq_grinder

Skill      XL: |  1  2 |
---------------+-------+-----
Dodging        | 3 |  3.7
Short Blades   | 3 |  3.0
Stealth        | 8 |  8.5
Fighting       | |  2.4

Action                   |  1- 3 |  4- 6 || total
-------------------------+-------+-------++-------
Melee: Short sword       |     1 |       ||     1
       Rapier            |     5 |     1 ||     6
 Stab: Sleeping          |     2 |     1 ||     3
Armor: Robe              |       |     1 ||     1
Dodge: Dodged            |     8 |     1 ||     9
